 Dungeon Crawl Stone Soup version 0.20.1 (webtiles) character file.

21 KleinerIrrer the Chiller (level 2, 0/17 HPs)
             Began as an Octopode Ice Elementalist on July 2, 2017.
             Slain by an orc
             ... wielding a +0 dagger of protection
              (7 damage)
             ... on level 3 of the Dungeon.
             The game lasted 00:02:36 (1153 turns).

KleinerIrrer the Chiller (OpIE)                     Turns: 1153, Time: 00:02:36

Health: 0/17       AC:  2    Str:  7    XL:     2   Next: 87%
Magic:  3/5        EV: 13    Int: 17    God:
Gold:   79         SH:  0    Dex: 12    Spells: 2/5 levels left

rFire    . . .     SeeInvis .   c - +0 short sword
rCold    . . .     Gourm    .   (no shield)
rNeg     + . .     Faith    .   k - +1 hat
rPois    .         Spirit   .   (no amulet)
rElec    .         Reflect  .   j - ring of positive energy
rCorr    .         Harm     .   (no ring)
MR       .....                  (no ring)
Stlth    +++.......             (no ring)
Regen    0.1/turn               (no ring)
MPRegen  0.1/turn               (no ring)
                                (no ring)
                                (no ring)

@: no status effects
A: almost no armour, stealthy swim, amphibious, 8 rings, constrict 8, camouflage
1, gelatinous body 1
a: no special abilities


You were on level 3 of the Dungeon.
You were very hungry.

You visited 1 branch of the dungeon, and saw 4 of its levels.

You collected 79 gold pieces.

Inventory:

Hand Weapons
 c - a +0 short sword (weapon)
Missiles
 d - 48 stones (quivered)
Armour
 k - a +1 hat (worn)
Jewellery
 j - a ring of positive energy (left tentacle)
Scrolls
 e - 2 scrolls of identify {unknown}
 f - a scroll of random uselessness {unknown}
 g - a scroll of remove curse {unknown}
 m - a scroll of teleportation {unknown}
Potions
 l - a potion of might {unknown}
Books
 a - a book of Frost

   Spells                             Type                      Level
   a - Freeze                         Ice                          1
   b - Throw Frost                    Conjuration/Ice              2
   c - Ozocubu's Armour               Charms/Ice                   3
   d - Throw Icicle                   Conjuration/Ice              4
   e - Summon Ice Beast               Ice/Summoning                4
Comestibles
 b - 2 bread rations
 h - 2 meat rations
 i - a royal jelly


   Skills:
 + Level 2.2 Dodging
 - Level 2.6 Stealth
 + Level 2.3 Spellcasting
 + Level 1.0 Conjurations
 + Level 3.5 Ice Magic


You had 2 spell levels left.
You knew the following spells:

 Your Spells              Type           Power        Failure   Level  Hunger
a - Freeze                Ice            ##..         4%          1    #......
b - Throw Frost           Conj/Ice       #.....       11%         2    ##.....


Dungeon Overview and Level Annotations

Branches:
Dungeon (4/15)
 Temple: D:4-7

Altars:

Annotations:
D:4 Mesmaeker13's ghost, amateur DEFE


Innate Abilities, Weirdness & Mutations

You cannot wear most types of armour.
You are very stealthy in the water. (Stealth+)
You are amphibious.
You can wear up to eight rings at the same time.
You can use your tentacles to constrict eight enemies at once.
Your skin changes colour to match your surroundings (Stealth+).
Your rubbery body absorbs attacks. (AC +1, EV +1)


Message History

Found 26 arrows, a royal jelly and a metallic amethyst potion.
Casting: Throw Frost
Confirm with . or Enter, or press ? or * to list all spells.
Aiming: Throw Frost
Press: ? - help, Shift-Dir - straight line, f - frilled lizard
Aim: a frilled lizard (resting)
Okay, then.
An orc comes into view. It is wielding a dagger of protection.
The helpless frilled lizard fails to defend itself.
You hit the frilled lizard.
You kill the frilled lizard!
An orc comes into view. It is wielding a trident.
You see here a frilled lizard corpse. 2 orcs come into view.
Found a runed leather armour.
The helpless orc fails to defend itself.
You hit the orc but do no damage. You grab the orc.
You constrict the orc, but do no damage.
The orc hits you with a dagger of protection!
You die...

#.# #. #.#
#..####.#
#.....#.####.#
...........s.#
.###.#.####.#
#.#.#
##o###.#s####[#
...o...@(.......
o..###o%..######
####.... #####


You could see 4 orcs and a giant cockroach.

Vanquished Creatures
  A worm (D:2)
  A bat (D:1)
  2 giant cockroaches (D:1)
  A goblin (D:1)
  A hobgoblin (D:1)
  3 jackals (D:1)
  2 frilled lizards
  4 kobolds (D:1)
  2 rats
17 creatures vanquished.

Notes
Turn   | Place    | Note
-------+----------+-------------------------------------------
     0 | D:1      | KleinerIrrer the Octopode Ice Elementalist began the quest for the Orb.
     0 | D:1      | Reached XP level 1. HP: 11/11 MP: 3/3
   271 | D:1      | Reached XP level 2. HP: 17/17 MP: 5/5
   904 | D:1      | Learned a level 2 spell: Throw Frost
  1129 | D:2      | You fall through a shaft for 2 floors!
  1129 | D:4      | Noticed Mesmaeker13's ghost (amateur DEFE)
  1153 | D:3      | Slain by an orc

Action                   || total
-------------------------++-------
Melee: Short sword       ||    35
       Constrict         ||    10
       Tentacles         ||     3
       Unarmed           ||     1
 Cast: Freeze            ||     3
       Throw Frost       ||     6
 Stab: Sleeping          ||     3
       Distracted        ||     1
Armor: Skin              ||     9
Dodge: Dodged            ||    31
